 Dungeon Crawl Stone Soup version 0.19-a0-36-g4a0968a (webtiles) character file.

121 seren the Ruffian (level 5, -2/48 HPs)
             Began as a Ghoul Monk on May 3, 2016.
             Slain by a big kobold
             ... wielding a +0 whip
              (5 damage)
             ... on level 3 of the Dungeon.
             The game lasted 00:05:27 (1671 turns).

seren the Ruffian (Ghoul Monk)                      Turns: 1671, Time: 00:05:28

Health: -2/48      AC:  2    Str: 15    XL:     5   Next: 5%
Magic:  4/4        EV: 12    Int:  6    God:
Gold:   181        SH:  0    Dex: 11    Spells: 0 memorised, 4 levels left

rFire  . . .     SeeInvis .       - Unarmed
rCold  + + .     Gourm    .     a - +0 robe
rNeg   + + +     Faith    .     (no shield)
rPois  ∞         Spirit   .     (no helmet)
rElec  .         Dismiss  .     (no cloak)
rCorr  .         Reflect  .     (no gloves)
SustAt .         Harm     .     (no boots)
MR     .....                    (no amulet)
Stlth  ++........               i - ring of protection from cold
                                f - ring of wizardry

@: rotting, not resistant to hostile enchantments, unstealthy
A: rotting body, claws 1, carnivore 3, cold resistance 1, negative energy
resistance 3, slow regeneration 1, torment resistance, unbreathing
a: no special abilities


You were on level 3 of the Dungeon.
You were not hungry.

You visited 1 branch of the dungeon, and saw 3 of its levels.

You collected 181 gold pieces.

Inventory:

Missiles
 o - 3 stones (quivered)
Armour
 a - a +0 robe (worn)
Jewellery
 f - a ring of wizardry (left claw)
 i - a ring of protection from cold (right claw)
Scrolls
 e - 3 scrolls of identify {unknown}
 j - 2 scrolls of remove curse {unknown}
 m - a scroll of recharging {unknown}
Potions
 d - a potion of brilliance {unknown}
 g - 2 potions of heal wounds {unknown}
 h - a potion of cure mutation {unknown}
 k - a potion of lignification {unknown}
 n - a potion of curing {unknown}
 p - a potion of agility {unknown}
Comestibles
 b - a meat ration
 c - a beef jerky


   Skills:
 + Level 5.0 Fighting
 - Level 2.6 Dodging
 - Level 2.1 Stealth
 + Level 5.6 Unarmed Combat


You had 4 spell levels left.
You didn't know any spells.

Dungeon Overview and Level Annotations

Branches:
Dungeon (3/15)

Altars:


Innate Abilities, Weirdness & Mutations

Your body is rotting away.
You thrive on raw meat.
You are immune to poison.
You have sharp fingernails.
You are carnivorous and can eat meat at any time.
Your flesh is cold resistant.
You are immune to negative energy.
You regenerate slowly when monsters are visible.
You are immune to unholy pain and torment.
You can survive without breathing.


Message History

You completely miss the big kobold.
The big kobold is severely wounded.
The big kobold closely misses you.
You barely miss the big kobold.
The big kobold is severely wounded.
You scratch the big kobold.
The big kobold is almost dead.
The big kobold hits you with a whip!
* * * LOW HITPOINT WARNING * * *
You barely miss the big kobold.
The big kobold is almost dead.
The big kobold hits you with a whip.
* * * LOW HITPOINT WARNING * * *
You barely miss the big kobold.
The big kobold is almost dead.
The big kobold misses you.
You scratch the big kobold.
The big kobold is almost dead.
The big kobold hits you with a whip.
You die...

##...............#.####
.."........ ...#.#.#...
#........####.#.#.#.##
#>..?.................
#$.#.. ###..#.#.#.#.
#....###..........#.
#..†...).)..#.......
#...##.#.#.#......##
#..@.......#.......#
##.K##.#.#.........#
#...##.#.#.[..###..#
#..###.#.#.........#
#<. ..#............ ...
............... ....
....[..##.### #####


You could see a big kobold.

Vanquished Creatures
  Natasha (D:3)
  3 adders
  An ooze (D:3)
  A worm (D:2)
  2 dart slugs
  A giant gecko (D:2)
  2 orcs (D:3)
  2 ball pythons (D:1)
  4 bats (D:2)
  4 giant cockroaches
  8 goblins
  9 hobgoblins
  6 giant newts
  4 kobolds (D:2)
  10 rats
58 creatures vanquished.

Notes
Turn   | Place    | Note
--------------------------------------------------------------
     0 | D:1      | seren the Ghoul Monk began the quest for the Orb.
     0 | D:1      | Reached XP level 1. HP: 19/19 MP: 0/0
    96 | D:1      | Reached XP level 2. HP: 24/26 MP: 1/1
   699 | D:2      | Reached XP level 3. HP: 32/32 MP: 2/2
   774 | D:2      | Reached skill level 5 in Unarmed Combat
  1109 | D:2      | Reached XP level 4. HP: 39/41 MP: 3/3
  1502 | D:3      | Noticed Natasha
  1514 | D:3      | Killed Natasha
  1514 | D:3      | Reached skill level 5 in Fighting
  1514 | D:3      | Reached XP level 5. HP: 7/48 MP: 4/4
  1657 | D:3      | Noticed a big kobold
  1671 | D:3      | Slain by a big kobold

Vault maps used:
D:1:      dpeg_arrival_stonehenge_12_columns
D:3:      wad_crossroads, uniq_natasha

Skill      XL: |  1  2  3  4 |
---------------+-------------+-----
Fighting       | 4 5 |  5.0
Unarmed Combat | 5 |  5.6
Dodging        | |  2.6
Stealth        | |  2.1

Action                   |  1- 3 |  4- 6 || total
-------------------------+-------+-------++-------
Melee: Unarmed           |   104 |    73 ||   177
       Punch             |     1 |     1 ||     2
 Stab: Sleeping          |     3 |     3 ||     6
  Eat: Chunk             |    18 |    19 ||    37
       Royal jelly       |     1 |       ||     1
Armor: Robe              |    18 |     6 ||    24
Dodge: Dodged            |    80 |    33 ||   113
